 Dungeon Crawl Stone Soup version 0.31-a0-232-gb1c03b2570 (webtiles) character file.

Game seed: 15715911365881901464

467 Ijustatesigmund the Stinger (level 7, -19/45 HPs)
             Began as an Octopode Venom Mage on July 7, 2023.
             Was an Initiate of Vehumet.
             Demolished by an ogre
             ... wielding a +0 giant spiked club
              (37 damage)
             ... on level 5 of the Dungeon.
             The game lasted 00:08:15 (5747 turns).

Ijustatesigmund the Stinger (Octopode Venom Mage)   Turns: 5747, Time: 00:08:15

Health: -19/45     AC:  1    Str:  8    XL:     7   Next: 8%
Magic:  10/12      EV: 13    Int: 19    God:    Vehumet [......]
Gold:   301        SH:  0    Dex: 12    Spells: 0/13 levels left

rFire   . . .        b - +0 war axe
rCold   . . .        (no shield)
rNeg    . . .        c - +0 hat
rPois   .            (no amulet)
rElec   .            h - +4 ring of protection
rCorr   .            (no ring)
SInv    .            (no ring)
Will    .....        (no ring)
Stlth   +++          (no ring)
HPRegen 0.27/turn    (no ring)
MPRegen 0.13/turn    (no ring)
                     (no ring)

%: no passive effects
@: marked, corroded, hasted, very quick
A: almost no armour, amphibious, 8 rings, camouflage 1, gelatinous body 1,
(nimble swimmer 1), tentacles
a: Renounce Religion


You were on level 5 of the Dungeon.
You worshipped Vehumet.
Vehumet was noncommittal.
You visited 2 branches of the dungeon, and saw 6 of its levels.

You collected 351 gold pieces.
You spent 50 gold pieces at shops.

Inventory:

Hand Weapons
 b - a +0 war axe (weapon)
Armour
 c - a +0 hat (worn)
 m - a +0 kite shield
Magical Staves
 i - a staff of conjuration
Jewellery
 h - a +4 ring of protection (left tentacle)
Wands
 e - a wand of roots (9)
Scrolls
 j - 2 scrolls of amnesia
 k - a scroll of silence
Potions
 a - 2 potions of magic
 d - 2 potions of brilliance
 g - a potion of mutation


   Skills:
 - Level 2.0 Fighting
 - Level 1.3 Axes
 - Level 2.0 Dodging
 - Level 2.6 Stealth
 + Level 3.6 Spellcasting
 - Level 2.6 Conjurations
 - Level 1.0 Transmutations
 + Level 0.7 Ice Magic
 - Level 2.8 Air Magic
 - Level 5.3 Poison Magic


You couldn't memorise any spells.
You knew the following spells:

 Your Spells              Type           Power      Damage    Failure   Level
a - Sting                 Tmut/Pois      60%        1d6       3%          1
b - Poisonous Vapours     Pois/Air       38%        N/A       4%          2
c - Mephitic Cloud        Conj/Pois/Air  17%        N/A       10%         3
d - Olgreb's Toxic Radia  Pois           23%        N/A       16%         4
e - Frozen Ramparts       Ice            12%        1d2       32%         3

Your spell library contained the following spells:

 Spells                   Type           Power      Damage    Failure   Level
 Freeze                   Ice            24%        1d4       11%         1
 Hailstorm                Conj/Ice       9%         3d4       22%         3
 Summon Guardian Golem    Hex/Summ       3%         N/A       38%         3
 Ice Form                 Ice/Tmut       6%         N/A       69%         4
 Summon Ice Beast         Ice/Summ       4%         N/A       77%         4
 Orb of Destruction       Conj           6%         9d6       100%        7
 Spellforged Servitor     Conj/Summ      4%         N/A       100%        7


Dungeon Overview and Level Annotations

Branches:
Dungeon (5/15)             Temple (1/1) D:4

Altars:
Ashenzari
Dithmenos
Elyvilon
Gozag
Hepliaklqana
Nemelex Xobeh
Okawaru
Sif Muna
Trog
Uskayaw
Vehumet
Wu Jian
Xom
Yredelemnul
Zin
The Shining One

Shops:
D:2 *

Annotations:
D:5 3 runed translucent doors, Scrael's ghost, novice DsGl


Innate Abilities, Weirdness & Mutations

You cannot wear most types of armour.
You are amphibious.
You can wear up to eight rings at the same time.
Your skin changes colour to match your surroundings (Stealth+).
Your rubbery body absorbs attacks. (AC +1, EV +1)
((You are camouflaged when in or above water. (Stealth+)))
You have tentacles for arms and can constrict up to eight enemies at once.


Message History

The ufetubus is almost dead.
You constrict the ufetubus.
You kill the ufetubus!
Vehumet accepts your kill.
Casting: Sting (safe; 4% risk of failure)
Confirm with . or Enter, or press ? or * to list all spells.
Aiming: Sting (safe; 4% risk of failure)
Press: ? - help, Shift-Dir - straight line, f - jelly
Aim: a jelly (100% to hit)
The sting hits the jelly.
The jelly partially resists.
The jelly is poisoned.
The jelly is lightly wounded.
Casting: Sting (safe; 4% risk of failure)
Confirm with . or Enter, or press ? or * to list all spells.
Aiming: Sting (safe; 4% risk of failure)
Press: ? - help, Shift-Dir - straight line, f/p - jelly
Aim: a jelly (lightly wounded, poisoned, 100% to hit)
The sting hits the jelly.
The jelly partially resists.
The jelly looks even sicker.
The jelly is moderately wounded.
The jelly hits you but does no damage.
You hit the jelly. The acid corrodes you!
Your tentacles burn!
You squeeze the jelly.
The jelly is severely wounded.
An ogre comes into view. It is wielding a +0 giant spiked club.
The jelly hits you.
You are splashed with acid!
You hit the jelly but do no damage.
Your tentacles burn!
You squeeze the jelly, but do no damage.
The jelly is almost dead.
The jelly misses you.
You hit the jelly but do no damage.
Your tentacles burn!
The jelly is almost dead.
The jelly barely misses you. The jelly hits you but does no damage.
You hit the jelly.
You kill the jelly!
Vehumet accepts your kill.
Okay, then.
It was a potion of haste.
You feel yourself speed up.
The ogre hits you with a +0 giant spiked club!!!
Ouch! That really hurt!
You die...

###########.#### #...# #.......#
#.# #...# ###.#####.# .# #...#
.....####.###.# #...#
###..#........# ###.########
#......##.##### #..........#
#.#..####.# ###.#..##.##.##
..........# #####...#..........
########.######.@O..#.......##.#
...............###...#...#.##.##
8.............8# ###.#.#5.......
######+++####### #...^......##
#.........oooW# ###.#........
#o...#####.ooo# #.######...
#.###ooW..###.# #.# #.##
#.#8#..8..#8#.# ... #... o
...o.o....# #J##


You could see an ogre, an orc priest, Scrael's ghost and 5 orcs.

Vanquished Creatures
  A phantom (D:5)
  A scorpion (D:5)
  A jelly (D:5)
  2 iguanas
  8 gnolls
  6 adders
  A shadow imp (D:5)
  2 ufetubi
  A worm (D:2)
  2 dart slugs
  5 orcs
  6 ball pythons
  6 endoplasms
  6 giant cockroaches
  8 goblins
  5 hobgoblins
  8 jackals
  9 kobolds
  5 quokkas
  6 bats
  4 rats
93 creatures vanquished.

Notes
Turn   | Place    | Note
-------+----------+-------------------------------------------
     0 | D:1      | Ijustatesigmund the Octopode Venom Mage began the quest for
                  | the Orb.
     0 | D:1      | Reached XP level 1. HP: 11/11 MP: 3/3
   220 | D:1      | Reached XP level 2. HP: 18/18 MP: 3/5
   223 | D:1      | Learned a level 2 spell: Poisonous Vapours
   443 | D:1      | Reached skill level 4 in Poison Magic
   715 | D:1      | Reached skill level 1 in Fighting
   984 | D:1      | Reached XP level 3. HP: 23/23 MP: 4/6
   989 | D:1      | Learned a level 3 spell: Mephitic Cloud
  1292 | D:2      | Found a faded altar of an unknown god.
  1663 | D:2      | Found Souzuseq's General Store.
  1671 | D:2      | Bought a potion of heal wounds for 50 gold pieces
  1827 | D:2      | Found a white marble altar of Elyvilon.
  2023 | D:2      | Reached skill level 1 in Air Magic
  2115 | D:2      | Reached XP level 4. HP: 28/28 MP: 2/7
  2498 | D:2      | Reached skill level 1 in Conjurations
  3367 | D:3      | Reached XP level 5. HP: 28/34 MP: 0/9
  4380 | D:4      | Found a glowing golden altar of the Shining One.
  4391 | D:4      | Identified the +3 leather armour "Qism" {rPois rC+++ Dex-2}
  4731 | D:4      | Found a staircase to the Ecumenical Temple.
  4902 | Temple   | Entered the Ecumenical Temple
  5006 | Temple   | Became a worshipper of Vehumet
  5034 | D:5      | Entered Level 5 of the Dungeon
  5108 | D:5      | Reached skill level 1 in Axes
  5108 | D:5      | Reached XP level 6. HP: 20/39 MP: 5/10
  5378 | D:5      | Reached skill level 5 in Poison Magic
  5533 | D:5      | Found a runed translucent gate.
  5533 | D:5      | Found a runed translucent gate.
  5546 | D:5      | Found a runed translucent gate.
  5546 | D:5      | Identified the +5 hand axe of the Ageing Stork {flame,
                  | Str+3 Int+3 Stlth+}
  5546 | D:5      | Noticed Scrael's ghost (novice DsGl)
  5694 | D:5      | Reached XP level 7. HP: 39/45 MP: 12/12
  5699 | D:5      | Learned a level 4 spell: Olgreb's Toxic Radiance
  5703 | D:5      | Learned a level 3 spell: Frozen Ramparts
  5747 | D:5      | Demolished by an ogre

Illustrated notes

Levels and vault maps discovered:
D:1:      heliophobic_arrival_glass_houses, layout_loops_ring, minmay_quantized
D:2:      layout_basic, serial_shops, shop, basic_altar,
          ebering_ecumenical_altar_webs
D:3:      layout_loops_corners
D:4:      layout_basic, mainiacjoe_overflow_catwalk, minmay_temple_entry_tees,
          hangedman_decor_clover_reticule, minmay_bisected
D:5:      layout_loops_cross, biasface_ghost_orc_armoury
Temple:   nicolae_temple_two_arcs

Skill      XL: |  1  2  3  4  5  6 |
---------------+-------------------+-----
Poison Magic   | 4 5 |  5.3
Fighting       | 1 2 |  2.0
Air Magic      | 1 2 |  2.8
Conjurations   | 1 2 |  2.6
Spellcasting   | 3 |  3.6
Axes           | 1 |  1.3
Dodging        | |  2.0
Stealth        | |  2.6
Transmutations | |  1.0
Ice Magic      | |  0.7

Action                     |  1- 3 |  4- 6 |  7- 9 || total
---------------------------+-------+-------+-------++-------
  Melee: Short sword       |    27 |       |       ||    27
         Constrict         |    15 |    23 |     1 ||    39
         Tentacles         |    15 |    23 |     2 ||    40
         War axe           |    39 |   118 |     5 ||   162
         Punch             |       |     1 |       ||     1
   Cast: Sting             |     5 |     6 |     3 ||    14
         Poisonous Vapours |    19 |    39 |       ||    58
         Mephitic Cloud    |       |     2 |       ||     2
    Use: Scroll            |     2 |     8 |       ||    10
         Potion            |       |     3 |     1 ||     4
   Stab: Sleeping          |     4 |     4 |       ||     8
         Invisible         |       |     1 |       ||     1
 Armour: Skin              |     8 |    24 |     3 ||    35
  Dodge: Dodged            |    52 |    92 |     2 ||   146

Table legend: (Time is in decaauts)
 A = Elapsed time spent in this place.
 B = Non-inter-level travel time spent in this place.
 C = Inter-level travel time spent in this place.
 D = Time resting spent in this place.
 E = Time spent auto-exploring this place.
 F = Levels seen in this place.
 G = Mean time per level.
                   A        B        C        D        E       F      G
               +--------+--------+--------+--------+--------+-----+--------+
         Total |   5823 |   5641 |    182 |   1047 |   3812 |   6 |  970.5 |
       Dungeon |   5709 |   5537 |    172 |   1047 |   3734 |   5 | 1141.8 |
        Temple |    113 |    104 |      9 |      0 |     78 |   1 |  113.0 |
               +--------+--------+--------+--------+--------+-----+--------+

Top non-repeatable levels by time:
     D:2: 1399 daAuts
     D:3: 1363 daAuts
     D:1: 1290 daAuts
     D:4: 920 daAuts
     D:5: 735 daAuts
  Temple: 113 daAuts
